AoeStats
← Kaiser Ze

Oasis

509862055Analyzed
2v2 RM · 3d ago on Sep 28, 2026· 28m 51s· 4 players
Game mode
Random Map
Map size
Medium (4 player)
Population
200
Speed
Normal
Resources
Standard
Victory
Conquest
Starting age
Dark Age
Ending age
Imperial Age
RankedLock teamsTeams togetherTeam positionsShared explorationLock speedFull tech treeHidden civsTurbo modeCheats
Victory
Defeat
🇨🇳 Mongols · China
1438
+9
🇨🇳 Magyars · China
1355
+13
🇫🇷 Koreans · France
1293
-11
🇹🇼 Turks · Taiwan
1274
-11
龍嘯天
2:13 Loom
11:31 Feudal Age
12:32 Horse Collar
12:41 Double-Bit Axe
17:09 Wheelbarrow
20:02 Castle Age
18:33 Gold Mining
24:30 Imperial Age
22:45 Fortified Wall
24:20 Town Watch
Léon
5:02 Loom
10:51 Feudal Age
17:02 Castle Age
16:28 Horse Collar
19:24 Fletching
25:48 Double-Bit Axe
st9901544
8:43 Loom
11:36 Feudal Age
14:41 Fletching
19:25 Castle Age
18:18 Padded Archer Armor
18:50 Scale Mail Armor
18:53 Horse Collar
20:43 Double-Bit Axe
22:23 Crossbowman
27:24 Thumb Ring
28:41 Leather Archer Armor
28:14 Elite Skirmisher
Kaiser Ze
5:01 Loom
9:01 Feudal Age
16:27 Castle Age
15:01 Double-Bit Axe
16:06 Fletching
19:37 Bodkin Arrow
26:31 Horse Collar
28:53 Bow Saw
28:34 Gold Mining
Connection lost

Rejoining the realm…

Still unreachable

The connection could not be restored.

Session expired

The server has moved on; the page needs a fresh start.